Map: Bel'Shir Vestige LE

Players

PandaBearMe - Winner!

  • Race: Zerg Zerg
  • League: Grandmaster
  • Spawn Location: 11:00

Seither

  • Race: Terran Terran
  • League: Master
  • Spawn Location: 5:00

VOD

Have the link to the VOD?

Description

Time

  • Played on: Jan. 22, 2017, 10:11 p.m.
  • Length: 8:58
Show
View Real Time Build Order
Export as new Build Order

PandaBearMe Zerg - Winner!

Build Orders: Hatch First 

Get SALT Encoding   

  12  0:01  Drone  
  13  0:14  Overlord  
  13  0:17  Drone  
  14  0:32  Drone x2  
  16  0:49  Hatchery  
  15  0:51  Drone  
  15  0:56  Drone  
  17  0:59  Drone  
  17  1:02  Extractor  
  17  1:16  Spawning Pool  
  17  1:17  Drone  
  17  1:20  Drone  
  18  1:30  Drone  
  19  1:40  Drone  
  20  1:51  Overlord  
  20  2:03  Queen x2  
  20  2:04  Metabolic Boost  
  20  2:07  Zergling x2  
  25  2:09  Zergling x2  
  25  2:13  Drone  
  27  2:16  Drone  
  27  2:22  Drone  
  29  2:23  Drone  
  30  2:33  Drone  
  30  2:39  Drone  
  30  2:41  Queen  
  33  2:44  Overlord  
  33  2:46  Drone  
  34  2:59  Drone  
  35  3:07  Hatchery  
  35  3:08  Drone x2  
  35  3:09  Drone  
  37  3:14  Drone x2  
  37  3:16  Overlord  
  37  3:17  Drone x3  
  42  3:40  Queen  
  42  3:41  Queen  
  46  3:44  Zergling x4  
  46  3:45  Drone, Overlord  
  46  3:46  Drone x2  
  51  3:58  Overlord  
  51  4:04  Roach Warren  
  51  4:05  Drone  
  51  4:06  Drone x5  
  56  4:12  Evolution Chamber  
  56  4:15  Extractor  
  54  4:19  Lair  
  54  4:21  Overlord  
  54  4:22  Drone x4  
  58  4:28  Drone  
  58  4:29  Drone  
  58  4:32  Extractor  
  53  4:40  Zergling x8  
  57  4:54  Zerg Ground Armor Level 1  
  57  4:55  Overlord  
  57  4:56  Drone x6  
  57  4:58  Drone  
  57  4:59  Drone  
  65  5:02  Drone  
  65  5:05  Drone x2  
  66  5:12  Drone  
  67  5:19  Drone x2, Spore Crawler  
  68  5:21  Roach x2  
  68  5:22  Roach x2  
  68  5:27  Roach  
  68  5:28  Roach  
  80  5:32  Overlord  
  77  5:39  Drone x3  
  80  5:46  Glial Reconstitution  
  80  5:48  Overlord  
  80  5:49  Evolution Chamber  
  79  5:53  Drone x4  
  79  5:54  Drone x2, Extractor  
  79  5:56  Drone x2, Extractor  
  81  6:06  Drone x2  
  82  6:12  Drone x3  
  85  6:20  Zerg Missile Weapons Level 1  
  85  6:22  Drone  
  85  6:23  Drone  
  85  6:24  Drone x3  
  90  6:33  Roach x8  
  90  6:34  Extractor  
  90  6:35  Overlord  
  90  6:36  Overlord  
  90  6:39  Overlord  
  105  6:43  Overlord  
  105  6:47  Overlord  
  105  6:50  Overlord  
  105  6:55  Roach x4  
  105  7:00  Roach, Overlord  
  117  7:01  Roach  
  117  7:06  Roach x2  
  121  7:12  Roach  
  121  7:14  Roach  
  125  7:16  Roach x2  
  125  7:17  Roach x2, Overlord  
  125  7:18  Roach  
  125  7:21  Roach  
  125  7:22  Roach  
  139  7:28  Roach x2  
  143  7:31  Roach x3  
  149  7:40  Roach x3  
  157  7:51  Roach x7  
  169  8:03  Overlord x3  
  169  8:07  Overlord  
  169  8:10  Overlord  
  164  8:14  Roach x3  
  164  8:16  Overlord  
  170  8:29  Roach  
  170  8:30  Roach x8  
  170  8:31  Ravager x5  
Show
View Real Time Build Order
Export as new Build Order

Seither Terran 

Build Orders: Liberator Opening, Reaper Expand, MMM Bio 

Get SALT Encoding   

  12  0:00  SCV  
  13  0:13  SCV  
  14  0:17  Supply Depot  
  14  0:25  SCV  
  15  0:30  Refinery  
  15  0:38  SCV  
  16  0:44  Barracks  
  16  0:50  SCV  
  17  1:02  SCV  
  18  1:14  SCV  
  19  1:32  Orbital Command, Reaper  
  20  1:46  Command Center  
  20  1:55  Factory  
  20  1:58  SCV  
  21  2:07  Barracks Reactor  
  21  2:10  SCV  
  21  2:13  Supply Depot  
  21  2:15  Refinery  
  22  2:22  SCV  
  23  2:35  SCV  
  24  2:44  Starport  
  24  2:48  SCV  
  25  2:53  Hellion x2  
  25  2:54  Marine  
  25  2:58  Orbital Command  
  30  3:02  SCV  
  31  3:14  Hellion x2  
  31  3:17  Supply Depot, Marine  
  37  3:20  SCV  
  37  3:25  Medivac  
  39  3:28  SCV  
  39  3:36  SCV  
  39  3:40  SCV  
  41  3:44  Hellion  
  41  3:45  Hellion, Liberator  
  45  3:48  Supply Depot, SCV  
  45  3:50  Barracks Tech Lab  
  45  3:52  SCV  
  47  4:01  SCV  
  51  4:04  SCV  
  52  4:10  Supply Depot  
  52  4:11  Marine  
  52  4:12  Stimpack  
  52  4:13  SCV  
  52  4:16  SCV  
  55  4:25  SCV  
  55  4:28  SCV  
  57  4:37  SCV  
  58  4:40  SCV, Command Center  
  58  4:42  Supply Depot  
  58  4:43  Marine  
  60  4:49  SCV  
  60  4:51  Starport Reactor  
  60  4:52  SCV  
  62  4:53  Factory Reactor  
  62  4:58  Barracks x2  
  62  5:01  SCV  
  62  5:04  SCV  
  64  5:08  Marine  
  64  5:11  Engineering Bay  
  64  5:13  SCV  
  64  5:14  Refinery, Engineering Bay  
  66  5:15  Refinery  
  66  5:16  SCV  
  67  5:25  SCV  
  67  5:26  Marine  
  69  5:28  SCV  
  69  5:35  Barracks  
  70  5:36  Factory Reactor, Barracks  
  70  5:37  SCV  
  70  5:41  SCV  
  72  5:43  Terran Infantry Armor Level 1, Terran Infantry Weapons Level 1  
  72  5:47  Marine x2  
  72  5:48  Medivac x2  
  78  5:50  Supply Depot  
  78  5:52  SCV x2  
  80  6:00  SCV  
  80  6:02  Supply Depot  
  82  6:05  Orbital Command  
  82  6:09  Marine x2  
  83  6:12  Bunker  
  83  6:13  Bunker  
  83  6:16  Combat Shields  
  83  6:17  Bunker  
  80  6:27  Marine x2, Barracks Reactor x2  
  80  6:29  Supply Depot  
  80  6:30  SCV x2  
  84  6:37  Armory  
  84  6:42  Orbital Command, SCV  
  85  6:48  Supply Depot  
  85  6:51  Supply Depot  
  85  6:53  Marine x2  
  85  6:54  Marine x2  
  88  6:55  Widow Mine x2, Medivac x2  
  97  7:01  SCV  
  97  7:02  SCV  
  97  7:05  Supply Depot  
  99  7:09  Marine x5  
  99  7:12  SCV  
  99  7:13  SCV  
  99  7:14  SCV  
  107  7:19  Supply Depot x2  
  107  7:21  Marine x4  
  111  7:24  SCV  
  111  7:25  SCV  
  111  7:26  Widow Mine x2, Marine, SCV  
  111  7:27  Marine  
  120  7:30  Marine x3  
  120  7:36  SCV  
  124  7:38  SCV  
  124  7:40  SCV  
  124  7:42  Supply Depot  
  124  7:43  Medivac x2  
  124  7:44  Supply Depot, Marine x2  
  131  7:48  Marine x4, SCV  
  137  7:55  Widow Mine x2  
  140  8:06  Marine x4  
  140  8:07  Marauder  
  135  8:14  Marine x4  
  135  8:18  Barracks  
  135  8:19  Barracks  
  141  8:20  Barracks  
  141  8:24  Marine x2  
  141  8:28  Marine x3  
  141  8:32  Marine  
  148  8:38  Supply Depot  
  148  8:39  Supply Depot  
Tags
 
Add a new tag
Caveats
  • Supply blocks, unpowered buildings, or Contaminate may cause inaccurate times.
  • Supply counts are checked every 10 seconds.